 Dungeon Crawl Stone Soup version 0.20-a0-949-g916514f (webtiles) character file.

606 Isola the Slasher (level 7, 0/43 HPs)
             Began as a Tengu Gladiator on Apr 4, 2017.
             Was an Initiate of Okawaru.
             Slain by an ogre
             ... wielding a +0 giant club
              (18 damage)
             ... on level 5 of the Dungeon.
             The game lasted 00:09:03 (4874 turns).

Isola the Slasher (Tengu Gladiator)                 Turns: 4874, Time: 00:09:03

Health: 0/43       AC:  6    Str: 18    XL:     7   Next: 42%
Magic:  6/8        EV: 18    Int: 10    God:    Okawaru [......]
Gold:   371        SH:  0    Dex: 16    Spells: 6/6 levels left

rFire    . . .     SeeInvis .   a - +0 long sword
rCold    . . .     Gourm    .   (no shield)
rNeg     . . .     Faith    .   b - +0 leather armour
rPois    .         Spirit   .   c - +0 hat
rElec    .         Reflect  .   e - +0 cloak
rCorr    .         Harm     .   k - +1 pair of gloves
MR       .....     Rnd*Tele +   (boots unavailable)
Stlth    +.........             (no amulet)
Regen    0.2/turn               q - +4 ring of strength
MPRegen  0.2/turn               A - ring of teleportation (curse)

@: flying quickly and evasively, quick
A: beak, talons 3, able to fly 1
a: Renounce Religion


You were on level 5 of the Dungeon.
You worshipped Okawaru.
Okawaru was noncommittal.
You were not hungry.

You visited 1 branch of the dungeon, and saw 5 of its levels.

You collected 371 gold pieces.

Inventory:

Hand Weapons
 a - a +0 long sword (weapon)
 t - a +0 blowgun
Missiles
 d - 3 throwing nets (quivered)
 u - 3 poisoned needles
Armour
 b - a +0 leather armour (worn)
 c - a +0 hat (worn)
 e - a +0 cloak (worn)
 k - a +1 pair of gloves (worn)
Jewellery
 q - a +4 ring of strength (left hand)
 A - a cursed ring of teleportation (right hand)
Wands
 z - a wand of flame (24/48)
Scrolls
 j - a scroll of fear
 m - a scroll of identify
 n - a scroll of amnesia
Potions
 g - 2 potions of haste
 h - 4 potions of brilliance
 i - 4 potions of curing {unknown}
 l - a potion of mutation {unknown}
 r - a potion of magic {unknown}
 s - 2 potions of degeneration {unknown}
Comestibles
 f - 5 bread rations
 o - 3 royal jellies
 p - 3 meat rations
 x - 11 chunks of flesh


   Skills:
 + Level 4.0 Fighting
 * Level 7.1 Long Blades
 - Level 2.0 Throwing
 + Level 5.2 Dodging


You had 6 spell levels left.
You didn't know any spells.

Dungeon Overview and Level Annotations

Branches:
Dungeon (5/15)             Temple (0/1) D:5

Altars:
Kikubaaqudgha
Makhleb
Okawaru
Xom
Yredelemnul

Shops:
D:5 %

Annotations:
D:3 petermcneter's ghost, amateur MiFi


Innate Abilities, Weirdness & Mutations

You have a beak for a mouth.
You have claws for feet.
You can fly.


Message History

You completely miss the ogre.
The ogre is almost dead.
The scorpion closely misses you.
You riposte.
You hit the scorpion. Your peck misses the scorpion.
The scorpion is lightly wounded.
The ogre misses you.
You barely miss the ogre. You claw the ogre, but do no damage.
The ogre is almost dead.
The scorpion closely misses you.
You riposte.
You hit the scorpion but do no damage.
The scorpion is lightly wounded.
The ogre barely misses you.
You hit the ogre. You claw the ogre, but do no damage.
Your peck misses the ogre.
The ogre is almost dead.
The scorpion misses you.
You barely miss the ogre. Your peck misses the ogre.
The ogre is almost dead.
The ogre hits you with a giant club!!
You die...

** *, *********** ######## *,
,,,,,,,,,,*****#..,,..#*********,
*********.,,,,,...,,...,,,,,,,,,,
*,,,,,,,>.****#.#**#.#*********,
*,******...** #O# #.# *,
**,*****,....###@# #.######## **
*,,,,,,,,......s.####........# *
**,*****,....##.....<........#
*,* **..,**##.###########.# *
**,*** *,*** #.# #.# * ,,,,,* *,*
#.# #.# * ,,,,,****,* #.# #.# *
,,,,,,,,,,* #.# #.# * ,,,,,***,,*
#.# #.# *


You could see an ogre and a scorpion.

Vanquished Creatures
  A centaur (D:5)
  A scorpion (D:4)
  A howler monkey (D:5)
  A crimson imp (D:5)
  A bullfrog zombie (D:5)
  2 hounds
  A jelly (D:5)
  3 worker ants
  4 gnolls (D:4)
  5 adders
  4 oozes
  An adder zombie (D:5)
  3 worms (D:2)
  2 dart slugs
  4 leopard geckos
  9 orcs
  9 bats
  7 goblins
  5 hobgoblins
  7 jackals
  A quokka (D:5)
  11 frilled lizards
  11 kobolds
  2 quokka skeletons
  8 rats
  A fungus (D:2)
105 creatures vanquished.

Vanquished Creatures (others)
  A jackal (D:2)
1 creature vanquished.

Grand Total: 106 creatures vanquished

Notes
Turn   | Place    | Note
-------+----------+-------------------------------------------
     0 | D:1      | Isola the Tengu Gladiator began the quest for the Orb.
     0 | D:1      | Reached XP level 1. HP: 12/12 MP: 2/2
   162 | D:1      | Reached XP level 2. HP: 12/17 MP: 3/3
   559 | D:1      | Reached skill level 4 in Long Blades
   637 | D:1      | Reached XP level 3. HP: 18/22 MP: 4/4
  1046 | D:2      | Reached XP level 4. HP: 13/27 MP: 5/5
  1608 | D:2      | Found a basalt altar of Yredelemnul.
  1610 | D:2      | Found a stormy altar of Qazlal.
  1610 | D:2      | Found a shimmering altar of Xom.
  1612 | D:2      | Found a burning altar of Makhleb.
  1612 | D:2      | Found a shimmering altar of Xom.
  1612 | D:2      | Found a basalt altar of Yredelemnul.
  2300 | D:3      | Found an ancient bone altar of Kikubaaqudgha.
  2627 | D:3      | Reached skill level 5 in Long Blades
  2629 | D:3      | Gained mutation: You can fly. [Tengu growth]
  2629 | D:3      | Reached XP level 5. HP: 29/31 MP: 6/6
  2964 | D:3      | Noticed petermcneter's ghost (amateur MiFi)
  3834 | D:4      | Reached XP level 6. HP: 36/37 MP: 3/7
  4057 | D:4      | Found a burning altar of Makhleb.
  4406 | D:4      | Reached skill level 6 in Long Blades
  4451 | D:5      | Entered Level 5 of the Dungeon
  4487 | D:5      | Found Ibbisuywk's Food Shop.
  4674 | D:5      | Found an iron altar of Okawaru.
  4683 | D:5      | Became a worshipper of Warmaster Okawaru
  4698 | D:5      | Reached XP level 7. HP: 41/41 MP: 4/8
  4761 | D:5      | Reached skill level 5 in Dodging
  4797 | D:5      | Reached skill level 7 in Long Blades
  4874 | D:5      | Slain by an ogre

Vault maps used:
D:1:      wheals_arrival_linesprint
D:2:      doesnt_xom_only_xom, first_bread, grunt_decor_mini_mirrors,
          serial_bayou_pond_c, minmay_gold_behind_fungi
D:3:      kiku_gazebo_pond_becter
D:4:      bloody_makhleb
D:5:      elyvilon_altar_4, okawaru_ov_weapons_minmay,
          minmay_temple_entry_poolview, serial_shops, shop

Skill      XL: |  1  2  3  4  5  6  7 |
---------------+----------------------+-----
Long Blades    | 4 5 6 7 |  7.1
Dodging        | 4 5 |  5.2
Fighting       | 3 4 |  4.0
Throwing       | |  2.0

Action                   |  1- 3 |  4- 6 |  7- 9 || total
-------------------------+-------+-------+-------++-------
Melee: Long sword        |    83 |   174 |    24 ||   281
       Kick              |    20 |    74 |    19 ||   113
       Peck              |    16 |    39 |     5 ||    60
 Abil: Fly               |       |     6 |     2 ||     8
  Use: Scroll            |     2 |     2 |     6 ||    10
 Stab: Sleeping          |     4 |     2 |       ||     6
  Eat: Chunk             |     1 |    12 |     1 ||    14
Armor: Leather armour    |    28 |    52 |     4 ||    84
Dodge: Dodged            |    45 |   147 |    26 ||   218
       Rpst.: Long sword |    16 |    49 |    13 ||    78
